 Dungeon Crawl Stone Soup version 0.27.1-4-g1640c2035a (webtiles) character file.

Game seed: 13576897202858514869

83 DearestLeader the Chiller (level 4, -5/31 HPs)
             Began as a Merfolk Ice Elementalist on Nov 4, 2021.
             Slain by a gnoll (14 damage)
             ... on level 3 of the Dungeon.
             The game lasted 00:04:27 (3124 turns).

DearestLeader the Chiller (MfIE)                    Turns: 3124, Time: 00:04:28

Health: -5/31      AC:  2    Str:  8    XL:     4   Next: 44%
Magic:  1/7        EV: 13    Int: 15    God:
Gold:   71         SH:  0    Dex: 14    Spells: 0/7 levels left

rFire    . . .     SeeInvis .   n - +1 trident (vamp)
rCold    . . .     Faith    .   (no shield)
rNeg     . . .     Spirit   .   a - +0 robe
rPois    .         Reflect  .   (no helmet)
rElec    .         Harm     .   (no cloak)
rCorr    .         Rampage  .   (no gloves)
Will     .....                  (no boots)
Stlth    ++........             (no amulet)
HPRegen  0.10/turn              (no ring)
MPRegen  0.10/turn              (no ring)

@: freezing walls, very slightly contaminated
A: (nimble swimmer 2), mertail
a: no special abilities


You were on level 3 of the Dungeon.
You visited 1 branch of the dungeon, and saw 3 of its levels.

You collected 71 gold pieces.

Inventory:

Hand Weapons
 b - a +0 short sword
 k - a +1 dagger of speed
 n - a +1 vampiric trident (weapon)
Missiles
 d - 17 poisoned darts (quivered)
Armour
 a - a +0 robe (worn)
Scrolls
 c - 2 scrolls of amnesia {unknown}
 e - a scroll of fear {unknown}
 h - a scroll of fog {unknown}
 j - a scroll of teleportation {unknown}
 l - a scroll of magic mapping {unknown}
 m - a scroll of enchant armour {unknown}
Potions
 f - a potion of magic {unknown}
 g - a potion of cancellation {unknown}
 i - 2 potions of flight {unknown}


   Skills:
 + Level 0.4 Fighting
 * Level 0.2 Polearms
 - Level 3.0 Dodging
 - Level 3.0 Stealth
 - Level 2.0 Spellcasting
 * Level 5.9 Ice Magic


You couldn't memorise any spells.
You knew the following spells:

 Your Spells              Type           Power      Damage    Failure   Level
a - Freeze                Ice            76%        1d9       1%          1
b - Frozen Ramparts       Ice            38%        1d5       6%          3
c - Ozocubu's Armour      Ice            19%        N/A       6%          3

Your spell library contained the following spells:

 Spells                   Type           Power      Damage    Failure   Level
 Animate Skeleton         Necr           2%         N/A       22%         1
 Pain                     Necr           4%         1d4       22%         1
 Summon Guardian Golem    Hex/Summ       1%         N/A       54%         3
 Vampiric Draining        Necr           0%         2d6       54%         3
 Hailstorm                Conj/Ice       10%        3d5       54%         4
 Orb of Destruction       Conj           0%         N/A       100%        7
 Spellforged Servitor     Conj/Summ      0%         N/A       100%        7


Dungeon Overview and Level Annotations

Branches:
Dungeon (3/15)

Altars:
Qazlal


Innate Abilities, Weirdness & Mutations

((You are quick and stealthy near water. (Stealth+, EV+, Speed+++)))
Your lower body shifts to a powerful aquatic tail in water.


Message History

The ball python misses you. The gnoll hits you with a +0 club!
The ball python bites you. The ball python grabs you.
The ball python constricts you.
You escape the ball python's grasp.
Unknown command.
The ball python bites you. The ball python grabs you.
The ball python constricts you.
The ball python's grasp on you weakens, but your attempt to escape fails.
The ball python bites you. The ball python constricts you.
The gnoll barely misses you. The ball python bites you.
The ball python constricts you.
* * * LOW HITPOINT WARNING * * *
You escape the ball python's grasp.
Casting: Freeze (safe; 1% risk of failure)
Confirm with . or Enter, or press ? or * to list all spells.
Casting: Frozen Ramparts (dangerous; 6% risk of failure)
Press: ? - help, Dir - look around, f - activate You miscast Frozen Ramparts.
You are very lightly contaminated with residual magic.
Nothing appears to happen.
The ball python barely misses you. The ball python grabs you.
The ball python constricts you.
Unknown command.
Casting: Frozen Ramparts (dangerous; 6% risk of failure)
Confirm with . or Enter, or press ? or * to list all spells.
Casting: Frozen Ramparts (dangerous; 6% risk of failure)
Press: ? - help, Dir - look around, f - activate The walls around you are covered in ice.
The wall freezes the ball python.
The ball python seems to slow down.
The ball python misses you. The ball python constricts you.
* * * LOW HITPOINT WARNING * * *
Unknown command.
Casting: Frozen Ramparts (dangerous; 6% risk of failure)
Confirm with . or Enter, or press ? or * to list all spells.
You don't have enough magic to cast this spell.
You hit the ball python.
You feel better.
You kill the ball python!
The wall freezes the gnoll. x2; The gnoll closely misses you.
The wall freezes the gnoll. x2
The gnoll hits you from afar with a +0 halberd!
You die...

.####.####.........
#.........
.#.#.#.#.#.......#
#......... #.⌠.#
#.⌠.#......# #.........
.#.#.#.#.#..######
###+###### .##.#.#.#..##
.###.8.###..##
..###.#.#..g.#
.#.#.#.#.#...###########
#.8.###.⌠.#.ggg.@.......
.#.#.#.#.#..############
.####.####.##
#.##.8.##.## ##.##.##.#
##..#..# ##...## #####


You could see 3 gnolls.

Vanquished Creatures
  An adder (D:2)
  2 dart slugs
  An orc (D:3)
  4 bats
  5 endoplasms
  6 giant cockroaches
  7 goblins
  9 hobgoblins
  4 jackals (D:3)
  3 kobolds (D:1)
  2 quokkas
  3 ball pythons
  4 frilled lizards
  8 rats
59 creatures vanquished.

Notes
Turn   | Place    | Note
-------+----------+-------------------------------------------
     0 | D:1      | DearestLeader the Merfolk Ice Elementalist began the quest
                  | for the Orb.
     0 | D:1      | Reached XP level 1. HP: 13/13 MP: 3/3
   485 | D:1      | Reached XP level 2. HP: 13/19 MP: 1/5
  1443 | D:2      | Reached skill level 5 in Ice Magic
  1443 | D:2      | Reached XP level 3. HP: 11/24 MP: 3/6
  1756 | D:2      | Found a faded altar of an unknown god.
  2204 | D:2      | Reached XP level 4. HP: 30/30 MP: 7/7
  2332 | D:3      | Learned a level 3 spell: Frozen Ramparts
  2336 | D:3      | Learned a level 3 spell: Ozocubu's Armour
  2525 | D:3      | Noticed an air elemental
  2527 | D:3      | Found a stormy altar of Qazlal.
  2563 | D:3      | Noticed a water elemental
  2563 | D:3      | Noticed an earth elemental
  2563 | D:3      | Noticed a fire elemental
  3124 | D:3      | Slain by a gnoll

Illustrated notes

Levels and vault maps discovered:
D:1:      dpeg_arrival_short_road, layout_basic
D:2:      layout_basic, basic_ecumenical_altar, minmay_crystal_water,
          solitary_fountain, st_stairs_4
D:3:      layout_basic, nicolae_qazlal_style_of_elements,
          grunt_decor_mini_mirrors

Skill      XL: |  1  2  3 |
---------------+----------+-----
Dodging        | 3 |  3.0
Ice Magic      | 5 |  5.9
Stealth        | 3 |  3.0
Fighting       | |  0.4
Polearms       | |  0.2
Spellcasting   | |  2.0

Action                   |  1- 3 |  4- 6 || total
-------------------------+-------+-------++-------
Melee: Short sword       |    70 |       ||    70
       Unarmed           |     2 |       ||     2
       Dagger            |    22 |    53 ||    75
       Trident           |       |    22 ||    22
 Cast: Freeze            |    22 |     8 ||    30
       Frozen Ramparts   |       |     2 ||     2
 Stab: Sleeping          |     6 |     3 ||     9
Armor: Robe              |    17 |    18 ||    35
Dodge: Dodged            |    70 |    41 ||   111
